[Event "Titled Tuesday Blitz August 22 Late 2023"]
[White "Nunez V, Gustavo Eduardo"]
[Black "Novikova, Margarita"]
[WhiteFideId "4403690"]
[BlackFideId "14109689"]
[WhiteElo "2443"]
[BlackElo "2154"]
[Result "0-1"]
[Round "2"]
[TimeControl "180+1"]
[Date "2023.08.22"]
[WhiteClock "0:00:10"]
[BlackClock "0:00:05"]
[Board "209"]

1. e4 d5 2. exd5 Qxd5 3. Nc3 Qd6 4. Nf3 Nf6 5. d4 a6 6. Be2 Bg4 7. h3 Bxf3 8. Bxf3 Nc6 9. O-O O-O-O 10. d5 Nb4 11. a3 Nbxd5 12. Nxd5 Nxd5 13. c4 Nf6 14. Qb3 Qb6 15. Qxb6 cxb6 16. Be3 Kc7 17. Rad1 Rxd1 18. Rxd1 e5 19. b4 Be7 20. c5 bxc5 21. Bxc5 Bxc5 22. bxc5 e4 23. Be2 Rd8 24. Rc1 Rd2 25. Kf1 a5 26. Bb5 Ra2 27. a4 Nd5 28. c6 bxc6 29. Bxc6 Kd6 30. Bb5 Nb4 31. Rd1+ Ke5 32. g3 Nd3 33. Bxd3 exd3 34. Rxd3 Rxa4 35. Rd7 Ke6 36. Ra7 Ra2 37. Kg2 h5 38. Kf3 g6 39. g4 hxg4+ 40. hxg4 g5 41. Ke3 f6 42. Ra8 Ra3+ 43. Ke4 Ra4+ 44. Kf3 Ra3+ 45. Kg2 Ke5 46. Ra6 f5 47. Rg6 Kf4 48. gxf5 Kxf5 49. Rg8 a4 50. f3 Kf4 51. Rf8+ Ke3 52. Kg3 Ra1 53. Re8+ Kd4 54. Re4+ Kd3 55. Kg4 Rg1+ 56. Kf5 a3 57. Ra4 Ra1 58. Kxg5 a2 59. Kf5 Kc3 60. f4 Kb3 61. Ra8 Rf1 62. Rxa2 Kxa2 63. Kg5 Kb3 64. f5 Kc4 65. f6 Kd5 66. Kg6 Ke6 67. f7 Rxf7 68. Kh6 Kf6 69. Kh5 Rg7 70. Kh6 Rg5 71. Kh7 Rg6 72. Kh8 Kf7 73. Kh7 Re6 74. Kh8 Rh6# 0-1


[Site "https://www.chess.com"]

[Event "Titled Tuesday Blitz August 22 Late 2023"]
[White "Cheng, Xiao"]
[Black "Oliveira, Tiago Batista"]
[WhiteFideId "2022915"]
[BlackFideId "2108291"]
[WhiteElo "2442"]
[BlackElo "2143"]
[Result "1/2-1/2"]
[Round "2"]
[TimeControl "180+1"]
[Date "2023.08.22"]
[WhiteClock "0:00:39"]
[BlackClock "0:00:07"]
[Board "210"]

1. e4 e5 2. Nf3 Nc6 3. Bc4 Bc5 4. d3 Nf6 5. O-O h6 6. h3 O-O 7. c3 d6 8. Re1 Bb6 9. Nbd2 Re8 10. Nf1 d5 11. exd5 Nxd5 12. Ng3 Nf6 13. b4 Be6 14. Qb3 Bxc4 15. Qxc4 Qd5 16. Be3 Rad8 17. Rad1 Bxe3 18. fxe3 Qxc4 19. dxc4 e4 20. Nd4 Ne5 21. c5 Nd3 22. Re2 Nd5 23. Nxe4 N3xb4 24. cxb4 Rxe4 25. Nc2 c6 26. Rd3 Rde8 27. g3 Nxb4 28. Nxb4 Rxb4 29. Rb3 Rxb3 30. axb3 Re5 31. b4 Re4 32. Ra2 a6 33. Kf2 Rxb4 34. Kf3 Rc4 35. Rb2 Rxc5 36. Rxb7 Rb5 37. Ra7 a5 38. Ke4 Kh7 39. Rxf7 a4 40. Ra7 Rb4+ 41. Kd3 Rb3+ 42. Kd4 a3 43. h4 Kg6 44. g4 h5 45. g5 Kf5 46. Ra6 Kg4 47. Rxc6 a2 48. Ra6 Rb2 49. Kc3 Re2 50. Ra4+ Kg3 51. Kd3 Rb2 52. g6 Kh3 53. Kc3 Re2 54. Kd3 Rb2 55. Kc3 Rg2 56. Kb3 Rxg6 57. Rxa2 Kxh4 58. Kc4 Rg3 59. Kd4 g5 60. e4 g4 61. e5 Rg1 62. Re2 Rd1+ 63. Ke3 Rd8 64. Kf2 g3+ 65. Kf3 Rf8+ 66. Kg2 Kg4 67. e6 Re8 68. e7 h4 69. Re4+ Kg5 70. Kh3 Kh5 71. Re5+ Kg6 72. Kxh4 Kf6 73. Re1 Rxe7 74. Rf1+ Kg6 75. Kxg3 Re5 76. Rf4 Rg5+ 77. Rg4 Rxg4+ 78. Kxg4 1/2-1/2


[Site "https://www.chess.com"]

[Event "Titled Tuesday Blitz August 22 Late 2023"]
[White "laskakid"]
[Black "Onthequiet"]
[WhiteElo "2131"]
[BlackElo "2441"]
[Result "0-1"]
[Round "2"]
[TimeControl "180+1"]
[Date "2023.08.22"]
[WhiteClock "0:00:00"]
[BlackClock "0:00:02"]
[Board "211"]

1. Nf3 d5 2. g3 Nf6 3. Bg2 c6 4. O-O Bf5 5. c4 e6 6. Qb3 Qb6 7. d3 Be7 8. Be3 Qxb3 9. axb3 a6 10. cxd5 Nxd5 11. Bd2 Bg6 12. Nc3 O-O 13. Ne5 Bf6 14. Nxg6 hxg6 15. Rfc1 Nd7 16. Ra4 Rfd8 17. Nxd5 exd5 18. Bc3 Re8 19. Rc2 Nc5 20. Ra3 Ne6 21. Bxf6 gxf6 22. e3 Kg7 23. d4 f5 24. b4 Nc7 25. Bf1 Rad8 26. Rc1 Kf6 27. Rca1 g5 28. h3 Rh8 29. Bg2 Ne8 30. f3 Nd6 31. Kf2 Rde8 32. Re1 Re7 33. Rc3 Rhe8 34. b3 Nb5 35. Rcc1 f4 36. gxf4 gxf4 37. e4 Nxd4 38. exd5 Rxe1 39. Rxe1 Rxe1 40. Kxe1 cxd5 41. Kd2 Kg5 42. Kc3 Ne6 43. b5 a5 44. b4 a4 45. Kb2 Nd4 46. b6 Kh4 47. Ka3 Kg3 48. Bf1 Kxf3 49. Ba6 Ke3 50. Bxb7 f3 51. Bxd5 f2 52. Bg2 Nb5+ 53. Kxa4 Nd6 54. Ka5 Kf4 55. Ka6 Kg3 56. Bf1 Nf5 57. b7 Ne3 58. b8=Q+ Kh4 0-1


[Site "https://www.chess.com"]

[Event "Titled Tuesday Blitz August 22 Late 2023"]
[White "Ardito, Andrew"]
[Black "Carroll, Thomas"]
[WhiteFideId "2033976"]
[BlackFideId "450111"]
[WhiteElo "2118"]
[BlackElo "2441"]
[Result "0-1"]
[Round "2"]
[TimeControl "180+1"]
[Date "2023.08.22"]
[WhiteClock "0:00:00"]
[BlackClock "0:00:31"]
[Board "212"]

1. e4 e6 2. d4 d5 3. Nc3 dxe4 4. Nxe4 Bd7 5. Nf3 Bc6 6. Bd3 Nd7 7. c3 Ngf6 8. Qc2 Nxe4 9. Bxe4 Bxe4 10. Qxe4 c6 11. Bg5 Be7 12. h4 Nf6 13. Bxf6 Bxf6 14. O-O-O Qa5 15. Kb1 h6 16. g4 Qd5 17. Qf4 Be7 18. Ne5 Rf8 19. c4 Qd6 20. Qd2 O-O-O 21. Qa5 Kb8 22. Rh3 Qc7 23. Qxc7+ Kxc7 24. Rf3 Bf6 25. Kc2 c5 26. g5 Bxe5 27. dxe5 Rxd1 28. Kxd1 hxg5 29. hxg5 Kd7 30. Rd3+ Ke7 31. Ke2 Rh8 32. Rb3 b6 33. Ra3 a5 34. Rb3 Rb8 35. Rh3 Rd8 36. Rh7 g6 37. Rh3 Rd4 38. b3 Re4+ 39. Re3 Rg4 40. Rg3 Rh4 41. Ke3 Rh1 42. Kf3 Re1 43. Kf4 Re2 0-1


[Site "https://www.chess.com"]

[Event "Titled Tuesday Blitz August 22 Late 2023"]
[White "Tsyhanchuk, Stanislav"]
[Black "Gutierrez Espinosa, Karen"]
[WhiteFideId "13505130"]
[BlackFideId "3513238"]
[WhiteElo "2441"]
[BlackElo "2111"]
[Result "1-0"]
[Round "2"]
[TimeControl "180+1"]
[Date "2023.08.22"]
[WhiteClock "0:01:01"]
[BlackClock "0:00:11"]
[Board "213"]

1. c4 c5 2. Nc3 Nc6 3. g3 Nf6 4. Bg2 g6 5. e4 d6 6. Nge2 Bg7 7. O-O O-O 8. a3 e5 9. Rb1 Nd4 10. h3 b6 11. b4 Be6 12. d3 Qd7 13. Kh2 h5 14. Nxd4 exd4 15. Nd5 Bxd5 16. exd5 h4 17. bxc5 dxc5 18. Bg5 hxg3+ 19. fxg3 Nh5 20. Qg4 Qd6 21. Rbe1 Rae8 22. Rxe8 Rxe8 23. Be4 Be5 24. Bf4 Bxf4 25. gxf4 Qf6 26. f5 Ng7 27. Kg2 Rxe4 28. dxe4 d3 29. fxg6 Qb2+ 30. Rf2 d2 31. gxf7+ Kf8 32. Qc8+ 1-0


[Site "https://www.chess.com"]

[Event "Titled Tuesday Blitz August 22 Late 2023"]
[White "chessmateto"]
[Black "Powell, Paul"]
[BlackFideId "2005840"]
[WhiteElo "2440"]
[BlackElo "2106"]
[Result "1/2-1/2"]
[Round "2"]
[TimeControl "180+1"]
[Date "2023.08.22"]
[WhiteClock "0:00:30"]
[BlackClock "0:00:08"]
[Board "214"]

1. c4 c6 2. d4 Nf6 3. Nc3 d5 4. Nf3 e6 5. e3 Bd6 6. Qc2 Nbd7 7. Bd3 O-O 8. O-O h6 9. Re1 e5 10. cxd5 Nxd5 11. e4 Nb4 12. Qe2 Nxd3 13. Qxd3 exd4 14. Nxd4 Ne5 15. Qd1 Bg4 16. f3 Qh4 17. g3 Qh3 18. fxg4 Nxg4 19. Qe2 Bxg3 20. hxg3 Qxg3+ 21. Qg2 Qxe1+ 22. Qf1 Qg3+ 23. Qg2 Qe1+ 24. Qf1 Qg3+ 25. Qg2 Qe1+ 1/2-1/2


[Site "https://www.chess.com"]

[Event "Titled Tuesday Blitz August 22 Late 2023"]
[White "Phillips, Rene"]
[Black "Bochnicka, Vladimir"]
[WhiteFideId "2056275"]
[BlackFideId "14943450"]
[WhiteElo "2099"]
[BlackElo "2437"]
[Result "0-1"]
[Round "2"]
[TimeControl "180+1"]
[Date "2023.08.22"]
[WhiteClock "0:00:14"]
[BlackClock "0:00:33"]
[Board "215"]

1. d4 Nf6 2. Bf4 d6 3. e3 g6 4. h3 Bg7 5. Nf3 O-O 6. Nbd2 Nc6 7. Be2 Nd7 8. O-O e5 9. Bh2 Qe7 10. c3 e4 11. Ne1 f5 12. Nc2 Nf6 13. a4 g5 14. b4 Qf7 15. c4 Ne7 16. c5 d5 17. Bxc7 Ng6 18. Bd6 f4 19. Bxf8 Bxf8 20. exf4 gxf4 21. f3 e3 22. Nb1 Nh5 23. Bd3 Nh4 24. Nc3 Qg7 25. Qe2 Bxh3 26. Ne1 Ng3 27. Qc2 Qxd4 28. Ne2 Nxe2+ 29. Qxe2 Qxa1 30. gxh3 Bg7 31. Ng2 Qf6 32. Nxh4 Qxh4 33. Qg2 Kh8 34. Kh1 Rg8 35. Rg1 Qf2 36. Qg4 e2 37. Bxh7 e1=Q 38. Rxe1 Qxe1+ 39. Kh2 Qg3+ 40. Qxg3 fxg3+ 0-1


[Site "https://www.chess.com"]

[Event "Titled Tuesday Blitz August 22 Late 2023"]
[White "Zaczek, Jonathon"]
[Black "Avila Rodriguez, Joshua Ad"]
[WhiteFideId "2607123"]
[BlackFideId "5126444"]
[WhiteElo "2094"]
[BlackElo "2434"]
[Result "1-0"]
[Round "2"]
[TimeControl "180+1"]
[Date "2023.08.22"]
[WhiteClock "0:00:09"]
[BlackClock "0:00:02"]
[Board "216"]

1. e4 e5 2. Nf3 Nc6 3. Bb5 a6 4. Ba4 d6 5. O-O Bd7 6. c3 g6 7. Re1 Bg7 8. h3 Nf6 9. d4 O-O 10. a3 Re8 11. Nbd2 h6 12. Bc2 Nh7 13. Nf1 Qe7 14. d5 Nb8 15. c4 f5 16. b4 Rf8 17. Bb2 f4 18. Rc1 g5 19. c5 h5 20. N3d2 g4 21. hxg4 hxg4 22. Nc4 Qh4 23. Qd3 Rf6 24. g3 Qh5 25. gxf4 Rh6 26. Ng3 Qh2+ 27. Kf1 exf4 28. Bxg7 Kxg7 29. Qc3+ Kg8 30. e5 fxg3 31. fxg3 Qh1+ 32. Ke2 Rh2+ 33. Kd1 Qxd5+ 34. Bd3 Bf5 35. Re3 Nc6 36. exd6 Bxd3 37. Rxd3 Qh1+ 38. Qe1 Qxe1+ 39. Kxe1 Rh1+ 40. Kd2 Rxc1 41. Kxc1 cxd6 42. Nxd6 Ne5 43. Rd5 Nf3 44. Re5 Rf8 45. Rd5 Nh2 46. Nxb7 Rf7 47. c6 Kg7 48. Rd7 Rxd7 49. cxd7 Nf6 50. d8=Q Ne4 51. Qc7+ Kg6 52. Qb6+ Kf5 53. Qxa6 Nd6 54. Qe2 Ne4 55. Qxh2 Ke5 56. Qh4 Kd4 57. Qxg4 1-0


[Site "https://www.chess.com"]

[Event "Titled Tuesday Blitz August 22 Late 2023"]
[White "Salazar Farias, Luis German"]
[Black "Joubert, Dantelle"]
[WhiteFideId "3902170"]
[BlackFideId "14310813"]
[WhiteElo "2433"]
[BlackElo "2067"]
[Result "1-0"]
[Round "2"]
[TimeControl "180+1"]
[Date "2023.08.22"]
[WhiteClock "0:00:12"]
[BlackClock "0:00:00"]
[Board "217"]

1. d4 d5 2. c4 e6 3. Nf3 Nf6 4. Nc3 Be7 5. Bf4 O-O 6. e3 Nbd7 7. c5 c6 8. Bd3 b6 9. b4 a5 10. a3 Ba6 11. O-O Bxd3 12. Qxd3 b5 13. Rab1 Qc8 14. a4 axb4 15. Rxb4 bxa4 16. Nxa4 Ne4 17. Nb6 Nxb6 18. Rxb6 Ra2 19. Ne5 Qa8 20. Nxc6 Bf6 21. f3 Rd2 22. Qb3 Ng5 23. h4 Nh3+ 24. gxh3 Bxh4 25. Bd6 Re8 26. Ne5 Qa2 27. Qxa2 Rxa2 28. Rb8 Rxb8 29. Bxb8 f6 30. Nd3 Rd2 31. c6 Rxd3 32. Rc1 1-0


[Site "https://www.chess.com"]

[Event "Titled Tuesday Blitz August 22 Late 2023"]
[White "Baches Garcia, Guillermo"]
[Black "dorpato"]
[WhiteFideId "2209764"]
[WhiteElo "2432"]
[BlackElo "2034"]
[Result "1-0"]
[Round "2"]
[TimeControl "180+1"]
[Date "2023.08.22"]
[WhiteClock "0:00:41"]
[BlackClock "0:00:00"]
[Board "218"]

1. e4 c5 2. Nf3 d6 3. d4 cxd4 4. Nxd4 Nf6 5. Nc3 a6 6. Be3 e5 7. Nb3 Be7 8. f3 Be6 9. Qd2 Nc6 10. O-O-O O-O 11. g4 b5 12. g5 Nd7 13. Kb1 Nb6 14. Nd5 Nc4 15. Bxc4 bxc4 16. Nc1 Bxd5 17. Qxd5 Na5 18. Bd2 Nb7 19. Qxb7 Rb8 20. Qxa6 Bxg5 21. Qxc4 Bxd2 22. Rxd2 Qb6 23. Nb3 Rfc8 24. Qd5 Rc6 25. Rhd1 Rd8 26. Qxe5 f6 27. Qe6+ Kh8 28. f4 Rdc8 29. a3 Qc7 30. c3 1-0


[Site "https://www.chess.com"]

[Event "Titled Tuesday Blitz August 22 Late 2023"]
[White "Dwilewicz, Katarzyna"]
[Black "Navyblue1"]
[WhiteFideId "1148486"]
[WhiteElo "2427"]
[BlackElo "2023"]
[Result "1-0"]
[Round "2"]
[TimeControl "180+1"]
[Date "2023.08.22"]
[WhiteClock "0:01:22"]
[BlackClock "0:00:13"]
[Board "219"]

1. e4 c5 2. Nf3 d6 3. d4 cxd4 4. Nxd4 Nf6 5. Nc3 a6 6. g3 e5 7. Nde2 Be7 8. Bg2 O-O 9. O-O Be6 10. a4 Nbd7 11. h3 Rc8 12. Be3 Qc7 13. Qd2 Nc5 14. Kh2 Rfd8 15. b4 Ncd7 16. a5 Qc4 17. Rab1 h6 18. Rb2 Ra8 19. Rd1 Rdb8 20. f4 exf4 21. gxf4 Qc7 22. Nd4 Bc4 23. Nf5 Bf8 24. Nxd6 Bxd6 25. Qxd6 Qxd6 26. Rxd6 Nf8 27. e5 Ne8 28. Rd4 Ne6 29. Rxc4 1-0


[Site "https://www.chess.com"]

[Event "Titled Tuesday Blitz August 22 Late 2023"]
[White "Djordjevic, Dejan N"]
[Black "Pein, Jonathan"]
[WhiteFideId "913316"]
[BlackFideId "417092"]
[WhiteElo "2020"]
[BlackElo "2426"]
[Result "0-1"]
[Round "2"]
[TimeControl "180+1"]
[Date "2023.08.22"]
[WhiteClock "0:00:07"]
[BlackClock "0:00:20"]
[Board "220"]

1. e4 b6 2. d4 Bb7 3. Nc3 e6 4. a3 c5 5. Nf3 cxd4 6. Nxd4 d6 7. g3 Nf6 8. Bg2 Be7 9. O-O O-O 10. h3 Nbd7 11. Re1 Qb8 12. Bf4 a6 13. Be3 Ne5 14. b3 Rc8 15. Qd2 Ra7 16. f4 Nc6 17. Bf2 Qa8 18. Na4 Nd7 19. c4 Nc5 20. Nxc5 dxc5 21. Ne2 Rd8 22. Qc2 Nd4 23. Nxd4 cxd4 24. Red1 Bf6 25. Qd3 Bc6 26. Ra2 b5 27. c5 a5 28. Rad2 Be7 29. Qc2 b4 30. a4 Rc7 31. Bxd4 Rcd7 32. Be3 Rxd2 33. Rxd2 Rxd2 34. Bxd2 Qd8 35. Be3 h6 36. h4 Qa8 37. Qd3 f5 38. Qc4 Kf7 39. exf5 Bxg2 40. Qxe6+ Kf8 41. Bd4 Qe4 42. Be5 Bxc5+ 43. Kh2 Qc6 44. Qc4 Bd5 45. Qd3 Be7 46. h5 Bh1 47. Qd2 Qf3 48. Kg1 Bc5+ 0-1


[Site "https://www.chess.com"]

[Event "Titled Tuesday Blitz August 22 Late 2023"]
[White "Shohat, Yotam"]
[Black "Adan Bermudez, Sergio"]
[WhiteFideId "2813955"]
[BlackFideId "2292726"]
[WhiteElo "2425"]
[BlackElo "1991"]
[Result "1-0"]
[Round "2"]
[TimeControl "180+1"]
[Date "2023.08.22"]
[WhiteClock "0:01:15"]
[BlackClock "0:00:09"]
[Board "221"]

1. e4 e5 2. Nf3 Nc6 3. Nc3 Nf6 4. d4 exd4 5. Nxd4 Bb4 6. Nxc6 bxc6 7. Bd3 d5 8. Bd2 O-O 9. O-O Bxc3 10. Bxc3 dxe4 11. Bxf6 Qxf6 12. Bxe4 Ba6 13. Re1 Rad8 14. Qh5 g6 15. Qa5 c5 16. Qxc5 Qb6 17. Qxb6 axb6 18. Rad1 Rfe8 19. f3 Kf8 20. Kf2 f5 21. Bc6 Rxe1 22. Kxe1 Rxd1+ 23. Kxd1 Ke7 24. Kd2 Kd6 25. Ba4 Bc4 26. Bb3 Bxb3 27. axb3 c5 28. c4 Ke5 29. Kc3 Kf4 30. b4 Ke3 31. bxc5 bxc5 32. b4 cxb4+ 33. Kxb4 Kf2 34. c5 Kxg2 35. c6 Kxf3 36. c7 Kg2 37. c8=Q f4 38. Qg4+ 1-0


[Site "https://www.chess.com"]

[Event "Titled Tuesday Blitz August 22 Late 2023"]
[White "Silva Lucena, Cristian"]
[Black "Buker, Muhittin"]
[WhiteFideId "2232588"]
[BlackFideId "6301770"]
[WhiteElo "2423"]
[BlackElo "1982"]
[Result "1-0"]
[Round "2"]
[TimeControl "180+1"]
[Date "2023.08.22"]
[WhiteClock "0:01:44"]
[BlackClock "0:00:40"]
[Board "222"]

1. e4 e5 2. Nf3 Nc6 3. Bb5 a6 4. Ba4 Nf6 5. O-O Be7 6. Re1 b5 7. Bb3 O-O 8. a4 Rb8 9. d3 d6 10. axb5 axb5 11. Nc3 Bg4 12. Be3 Nh5 13. h3 Bxf3 14. Qxf3 g6 15. Nd5 Kg7 16. Ra6 Qd7 17. Rxc6 Qxc6 18. Nxe7 Qd7 19. Nd5 c6 20. Nc3 Ra8 21. Ne2 f5 22. d4 f4 23. Bd2 exd4 24. Nxd4 Rf6 25. Bc3 b4 26. Ne6+ Kf7 27. Nc5+ 1-0


[Site "https://www.chess.com"]

[Event "Titled Tuesday Blitz August 22 Late 2023"]
[White "Mr_November18"]
[Black "Biregina"]
[WhiteElo "1956"]
[BlackElo "2420"]
[Result "1-0"]
[Round "2"]
[TimeControl "180+1"]
[Date "2023.08.22"]
[WhiteClock "0:00:17"]
[BlackClock "0:00:00"]
[Board "223"]

1. e4 d6 2. d4 Nf6 3. Nc3 e5 4. Be3 exd4 5. Bxd4 Nc6 6. Be3 Be7 7. Qd2 O-O 8. f3 Be6 9. O-O-O a6 10. Nge2 b5 11. Nf4 Ne5 12. Ncd5 Bxd5 13. Nxd5 Nxd5 14. Qxd5 c6 15. Qd2 Rb8 16. Be2 Qc7 17. b3 d5 18. exd5 cxd5 19. Bd4 Bf6 20. Qc3 Qe7 21. Qb2 Rfc8 22. Kb1 Qd7 23. Bxe5 Bxe5 24. Qxe5 Re8 25. Qd4 Rxe2 26. Qxd5 Qe8 27. Rd2 Rc8 28. Rhd1 Rxd2 29. Qxd2 Qf8 30. Kb2 h6 31. Qd6 Qe8 32. Qd7 Qf8 33. Rd2 Qc5 34. Qd3 Qc6 35. c3 a5 36. a3 a4 37. b4 Qe6 38. Qd5 Qe3 39. Qd3 Qe6 40. Qc2 Qc4 41. Rd4 Qf1 42. Rd1 Qc4 43. Rd4 Qe6 44. Re4 Qf6 45. Rd4 Re8 46. Qd2 g6 47. Rd6 Qf5 48. Rd8 Rxd8 49. Qxd8+ Kh7 50. Qd2 Qe6 51. Qc2 Qc4 52. Kb1 h5 53. Kb2 h4 54. h3 Kh6 55. Qd2+ Kh5 56. Qc2 Kg5 57. Qd2+ Kf5 58. Qd7+ Kf4 59. Qd4+ Qxd4 60. cxd4 Kg3 61. d5 Kxg2 62. d6 Kxh3 63. d7 Kg2 64. d8=Q h3 65. Qg5+ Kxf3 66. Qd5+ Kg3 67. Qxb5 f5 68. Qf1 g5 69. Qg1+ Kh4 70. b5 g4 71. Qf2+ g3 72. Qf4+ Kh5 73. Qxg3 1-0


[Site "https://www.chess.com"]

[Event "Titled Tuesday Blitz August 22 Late 2023"]
[White "Balla, Tamas-Kristof"]
[Black "Castillo Pena, Patricia Evarista"]
[WhiteFideId "1208497"]
[BlackFideId "6412106"]
[WhiteElo "2416"]
[BlackElo "1941"]
[Result "1-0"]
[Round "2"]
[TimeControl "180+1"]
[Date "2023.08.22"]
[WhiteClock "0:00:36"]
[BlackClock "0:00:13"]
[Board "224"]

1. e4 c5 2. c3 d5 3. exd5 Qxd5 4. d4 Nf6 5. Nf3 Bg4 6. Be2 e6 7. Be3 cxd4 8. cxd4 Nc6 9. Nc3 Qd8 10. h3 Bh5 11. O-O Be7 12. Qb3 Qc8 13. Rad1 O-O 14. d5 exd5 15. Nxd5 Nxd5 16. Rxd5 Bg6 17. Rc1 Bf6 18. Rb5 Qe8 19. Bd3 Bxd3 20. Qxd3 Rd8 21. Qc2 Qd7 22. Bg5 Bxg5 23. Nxg5 g6 24. Ne4 f5 25. Nc5 Qd2 26. Qc4+ Kh8 27. Rxb7 Ne5 28. Qc3 Qc2 29. Qxc2 1-0


[Site "https://www.chess.com"]

[Event "Titled Tuesday Blitz August 22 Late 2023"]
[White "Beerdsen, Thomas"]
[Black "Nakamura, Hikaru"]
[WhiteFideId "1030108"]
[BlackFideId "2016192"]
[WhiteElo "2797"]
[BlackElo "3223"]
[Result "0-1"]
[Round "3"]
[TimeControl "180+1"]
[Date "2023.08.22"]
[WhiteClock "0:00:36"]
[BlackClock "0:01:18"]
[Board "1"]

1. e4 a6 2. d4 c6 3. f3 d5 4. Nc3 b5 5. a3 g6 6. Be3 Nf6 7. e5 Nfd7 8. f4 Nb6 9. Nf3 Nc4 10. Bxc4 bxc4 11. O-O Nd7 12. e6 fxe6 13. Ne5 c5 14. dxc5 Nf6 15. Bd4 Bg7 16. Qf3 Bb7 17. Qh3 Bc8 18. Rae1 O-O 19. b3 cxb3 20. cxb3 Qc7 21. b4 Rb8 22. Qh4 Nh5 23. Re3 Bd7 24. Qxe7 Nxf4 25. Nxd7 Bxd4 26. Nf6+ Rxf6 27. Qxc7 Ne2+ 28. Nxe2 Bxe3+ 29. Rf2 Rxf2 30. Qe5 Rf3+ 0-1


[Site "https://www.chess.com"]

[Event "Titled Tuesday Blitz August 22 Late 2023"]
[White "Naroditsky, Daniel"]
[Black "Diaz Camallonga, Carles"]
[WhiteFideId "2026961"]
[BlackFideId "22235256"]
[WhiteElo "3172"]
[BlackElo "2791"]
[Result "0-1"]
[Round "3"]
[TimeControl "180+1"]
[Date "2023.08.22"]
[WhiteClock "0:00:02"]
[BlackClock "0:00:04"]
[Board "2"]

1. e4 e6 2. c4 d5 3. cxd5 exd5 4. exd5 Nf6 5. Nc3 Nxd5 6. d4 Bb4 7. Bd2 O-O 8. Bd3 Nc6 9. Nge2 Nde7 10. Qc2 h6 11. O-O Be6 12. a3 Bd6 13. Be4 Bc4 14. Rfd1 a5 15. b3 Ba6 16. Be3 Qd7 17. h3 Rae8 18. Na4 f5 19. Bf3 f4 20. Nc5 Qf5 21. Qxf5 Nxf5 22. Nxf4 Nxe3 23. fxe3 Rxe3 24. Nfe6 Rfxf3 25. gxf3 Rxf3 26. Nxa6 bxa6 27. Rac1 Ne7 28. Nxc7 Rxh3 29. Ne6 Rxb3 30. Nc5 Rxa3 31. Ne4 Bf4 32. Rc2 Nd5 33. Rc8+ Kh7 34. Rd8 Be3+ 35. Kh1 Nf4 36. d5 Bb6 37. Rb8 Rh3# 0-1


[Site "https://www.chess.com"]

[Event "Titled Tuesday Blitz August 22 Late 2023"]
[White "Troff, Kayden"]
[Black "Nihal Sarin"]
[WhiteFideId "2047896"]
[BlackFideId "25092340"]
[WhiteElo "2758"]
[BlackElo "3156"]
[Result "1/2-1/2"]
[Round "3"]
[TimeControl "180+1"]
[Date "2023.08.22"]
[WhiteClock "0:00:11"]
[BlackClock "0:00:12"]
[Board "3"]

1. d4 a6 2. Nf3 d5 3. Bf4 Nf6 4. e3 Bg4 5. Nbd2 e6 6. c3 c5 7. h3 Bxf3 8. Nxf3 Nc6 9. Ne5 Bd6 10. Qa4 O-O 11. Nxc6 bxc6 12. dxc5 Bxf4 13. Qxf4 Ne4 14. Bd3 Nxc5 15. Bc2 a5 16. O-O Qb8 17. Qh4 h6 18. Rab1 Nd7 19. e4 Qd6 20. Rfe1 Rfb8 21. Re3 Rb7 22. Rg3 Rab8 23. b3 Nf6 24. e5 Qxe5 25. f4 Qd6 26. Qxf6 Qf8 27. Qxh6 g6 28. Qxf8+ Kxf8 29. Re3 Ke7 30. f5 gxf5 31. Bxf5 a4 32. Bc2 axb3 33. Rxb3 c5 34. c4 d4 35. Rf3 Rxb3 36. axb3 f5 37. g4 Rg8 38. Rg3 Kf6 39. Kg2 f4 40. g5+ Ke5 41. Rg4 d3 42. Bxd3 Kd4 43. Bh7 Rg7 44. g6 Ke3 45. h4 e5 46. h5 f3+ 47. Kg1 Rd7 48. g7 f2+ 49. Kg2 Rd1 50. Rg3+ Ke2 51. Bd3+ Rxd3 52. g8=Q f1=Q+ 53. Kh2 Qf4 54. Qg4+ Qxg4 55. Rxg4 Rxb3 56. h6 Rb8 57. h7 Rh8 58. Rh4 Kf3 59. Kg1 e4 60. Kf1 Ke3 61. Ke1 Kd3 62. Kf2 Kxc4 63. Rxe4+ Kd3 64. Re7 c4 65. Kf3 c3 66. Rd7+ Kc4 67. Ke2 Kc5 68. Kd3 Kc6 69. Ra7 Kd6 70. Kxc3 Ke6 71. Kd4 Kf6 72. Ke4 Kg6 73. Kf4 Rxh7 74. Rxh7 Kxh7 1/2-1/2


[Site "https://www.chess.com"]

[Event "Titled Tuesday Blitz August 22 Late 2023"]
[White "Wieczorek, Oskar"]
[Black "So, Wesley"]
[WhiteFideId "1133950"]
[BlackFideId "5202213"]
[WhiteElo "2755"]
[BlackElo "3093"]
[Result "0-1"]
[Round "3"]
[TimeControl "180+1"]
[Date "2023.08.22"]
[WhiteClock "0:00:00"]
[BlackClock "0:00:05"]
[Board "4"]

1. e4 c5 2. Nf3 d6 3. d4 cxd4 4. Nxd4 Nf6 5. Nc3 a6 6. h4 b5 7. a4 b4 8. Nd5 e6 9. Nxf6+ Qxf6 10. g4 Bb7 11. Bg2 Nd7 12. Be3 Nc5 13. Bg5 Qg6 14. f3 h5 15. gxh5 Rxh5 16. Qd2 Be7 17. O-O-O Rxg5 18. hxg5 Bxg5 19. f4 Bh6 20. Kb1 O-O-O 21. f5 exf5 22. Rxh6 Qxh6 23. Qxb4 Qh2 24. Nxf5 Kb8 25. Bh1 Qe5 26. Nd4 Ka7 27. Qa5 Rd7 28. Nb5+ Kb8 29. Nc3 Nd3 30. Qb6 Qc5 31. Qxc5 Nxc5 32. e5 Bxh1 33. Rxh1 dxe5 34. Rh8+ Kb7 35. Rg8 f5 36. b4 Ne6 37. b5 axb5 38. axb5 e4 39. Na4 Rd4 40. Re8 Rxa4 41. Rxe6 Rb4+ 42. Kc1 Rxb5 43. Re7+ Kc6 44. Rxg7 Kd5 45. Kd2 f4 46. Rg5+ Kc4 47. Rg4 Rf5 48. Rh4 Rf7 49. Rg4 Kd4 50. Rg8 e3+ 51. Ke1 f3 52. Re8 Rf4 53. Rd8+ Ke4 54. Re8+ Kd4 55. Rd8+ Kc4 56. Re8 f2+ 57. Kf1 Rf3 58. Re4+ Kc3 59. Re8 Kxc2 60. Re7 Rg3 61. Ke2 Rg1 62. Rc7+ Kb3 63. Rf7 Re1+ 64. Kd3 f1=Q+ 0-1


[Site "https://www.chess.com"]

[Event "Titled Tuesday Blitz August 22 Late 2023"]
[White "Firouzja, Alireza"]
[Black "Leiva, Gianmarco"]
[WhiteFideId "12573981"]
[BlackFideId "3804399"]
[WhiteElo "3090"]
[BlackElo "2748"]
[Result "1-0"]
[Round "3"]
[TimeControl "180+1"]
[Date "2023.08.22"]
[WhiteClock "0:01:49"]
[BlackClock "0:00:00"]
[Board "5"]

1. e4 c5 2. Nf3 d6 3. Nc3 Nf6 4. g3 Nc6 5. Bg2 g6 6. d4 cxd4 7. Nxd4 Bd7 8. h3 Bg7 9. Be3 O-O 10. O-O a6 11. a4 Rc8 12. Nce2 Na5 13. c3 Nc4 14. Bc1 e5 15. Nc2 Bc6 16. Qd3 b5 17. Nb4 Ba8 18. Nxa6 bxa4 19. Rxa4 Nb6 20. Ra1 d5 21. exd5 e4 22. Qd1 Qe7 23. d6 Qe6 24. Nc7 Qd7 25. Nxa8 Rxa8 26. Rxa8 Rxa8 27. b3 Rd8 28. c4 Qc6 29. Ba3 Qa8 30. Bc5 Nbd7 31. Be3 Ne5 32. Nc3 Qc6 33. c5 Rb8 34. Qc2 Ned7 35. Nxe4 Nxe4 36. Qxe4 Qxe4 37. Bxe4 1-0


[Site "https://www.chess.com"]

[Event "Titled Tuesday Blitz August 22 Late 2023"]
[White "Amburgy, Ryan"]
[Black "Duda, Jan-Krzysztof"]
[WhiteFideId "30924820"]
[BlackFideId "1170546"]
[WhiteElo "2747"]
[BlackElo "3086"]
[Result "0-1"]
[Round "3"]
[TimeControl "180+1"]
[Date "2023.08.22"]
[WhiteClock "0:00:01"]
[BlackClock "0:00:43"]
[Board "6"]

1. d4 b6 2. e4 Bb7 3. Nc3 g6 4. Nf3 Bg7 5. Bf4 d6 6. d5 Nf6 7. Be2 O-O 8. O-O Nbd7 9. Re1 Nc5 10. Bc4 a6 11. a4 e5 12. Bg3 Bh6 13. Nd2 Nh5 14. Nf1 a5 15. b3 Bc8 16. Bb5 Nxg3 17. Nxg3 Bg5 18. Qe2 h5 19. h3 Kg7 20. Rf1 h4 21. Nh1 Bf4 22. Bd3 Qg5 23. Qf3 f5 24. Rfe1 Bd2 25. Nb5 0-1


[Site "https://www.chess.com"]